 Dungeon Crawl Stone Soup version 0.22.1-1-ga44c0e5 (console) character file.

5592 erker the Martial Artist (level 10, -2/91 HPs)
             Began as an Octopode Transmuter on Oct 5, 2018.
             Was a Priest of Cheibriados.
             Killed from afar by Erica (17 damage)
             ... with an orb of energy
             ... on level 9 of the Dungeon.
             The game lasted 00:49:03 (8899 turns).

erker the Martial Artist (Octopode Transmuter)      Turns: 8899, Time: 00:49:04

Health: -2/91      AC: 28    Str: 15    XL:     10   Next: 72%
Magic:  6/18       EV:  2    Int: 29    God:    Cheibriados [***...]
Gold:   444        SH:  0    Dex: 20    Spells: 10/20 levels left

rFire    + . .     SeeInvis +     - Unarmed
rCold    . . .     Gourm    +   (no shield)
rNeg     + + +     Faith    .   (helmet currently unavailable)
rPois    +         Spirit   .   N - amulet "Teol" {Gourm rF+ Stlth+}
rElec    .         Reflect  .   m - ring of resist corrosion
rCorr    +         Harm     .   n - +3 ring of protection
MR       +....     NoTele   +   s - ring of stealth
Stlth    ++++++....             y - ring of protection from magic
HPRegen  0.25/turn              B - ring of see invisible
MPRegen  0.16/turn              G - +5 ring of intelligence
                                (no ring)
                                (no ring)

@: tree-form, very slightly contaminated, very slow
A: almost no armour, stealthy swim, (amphibious), 8 rings, (constrict 8)
a: Bend Time, Temporal Distortion, Renounce Religion


You were on level 9 of the Dungeon.
You worshipped Cheibriados.
Cheibriados was most pleased with you.
You were completely stuffed.
You were a tree.
You visited 2 branches of the dungeon, and saw 10 of its levels.

You collected 444 gold pieces.

Inventory:

Missiles
 a - 159 arrows
 d - 94 bolts
 j - 76 sling bullets
 q - 18 poisoned needles
 E - 3 needles of sleeping
 L - 8 needles of confusion
Jewellery
 m - a ring of resist corrosion (left branch)
 n - a +3 ring of protection (right branch)
 s - a ring of stealth (on tentacle)
 y - a ring of protection from magic (on tentacle)
 B - a ring of see invisible (on tentacle)
 G - a +5 ring of intelligence (on tentacle)
 N - the amulet "Teol" (around neck) {Gourm rF+ Stlth+}
   (You found it on level 8 of the Dungeon)

   [amulet of the gourmand]

   It allows you to eat raw meat even when not hungry.
   It protects you from fire.
   It makes you more stealthy.
Wands
 t - a wand of scattershot (3)
 I - a wand of iceblast (6)
 K - a wand of disintegration (20)
Scrolls
 b - 4 scrolls of remove curse {unknown}
 f - 7 scrolls of identify {unknown}
 g - 3 scrolls of blinking
 i - 2 scrolls of magic mapping {unknown}
 k - 3 scrolls of enchant armour {unknown}
 p - 3 scrolls of fear {unknown}
 r - 2 scrolls of amnesia {unknown}
 u - a scroll of noise {unknown}
 w - 2 scrolls of teleportation
 x - a scroll of immolation {unknown}
 A - 2 scrolls of fog {unknown}
 J - a scroll of brand weapon {unknown}
 M - a scroll of random uselessness {unknown}
 P - a scroll of vulnerability {unknown}
Potions
 e - a potion of resistance {unknown}
 h - 2 potions of curing {unknown}
 l - 2 potions of mutation {unknown}
 o - a potion of invisibility {unknown}
 v - 2 potions of haste
 z - 2 potions of might
 C - a potion of lignification
 D - a potion of degeneration {unknown}
 F - 2 potions of flight {unknown}
 O - a potion of brilliance {unknown}
Miscellaneous
 H - a lamp of fire
Comestibles
 c - 11 rations


   Skills:
 + Level 2.3 Fighting
 + Level 4.2 Dodging
 - Level 7.0 Stealth
 - Level 8.3 Unarmed Combat
 + Level 5.5 Spellcasting
 + Level 8.1 Transmutations
 * Level 6.5 Ice Magic
 - Level 2.0 Poison Magic
 + Level 0.1 Evocations


You had 10 spell levels left.
You knew the following spells:

 Your Spells              Type           Power        Failure   Level  Hunger
a - Beastly Appendage     Tmut           ######       1%          1    None
s - Spider Form           Tmut/Pois      #####.....   2%          3    None
t - Sticks to Snakes      Tmut           ######..     1%          2    None
y - Ice Form              Ice/Tmut       ######..     3%          4    ###....

Your spell library contained the following spells:

 Spells                   Type           Power        Failure   Level  Hunger
 Magic Dart               Conj           #...         6%          1    None
 Blade Hands              Tmut           ######....   6%          5    #####..
 Blink                    Tloc           N/A          9%          2    None
 Call Imp                 Summ           #.......     9%          2    None
 Slow                     Hex            #.......     9%          2    None
 Mephitic Cloud           Conj/Pois/Air  ##......     14%         3    None
 Conjure Flame            Conj/Fire      #.......     19%         3    None


Dungeon Overview and Level Annotations

Branches:
Dungeon (9/15)             Temple (1/1) D:7
   Lair: D:8-11         Orc: D:9-12

Altars:
Ashenzari
Cheibriados
Dithmenos
Elyvilon
Fedhas
Gozag
Hepliaklqana
Kikubaaqudgha
Makhleb
Nemelex Xobeh
Okawaru
Qazlal
Ru
Sif Muna
Trog
Uskayaw
Vehumet
Wu Jian
Xom
Yredelemnul
Zin
The Shining One
Beogh

Shops:
D:7 }   D:8 :   D:9 *

Annotations:
D:9 3 runed doors, BryzzWind's ghost, novice DrTm; Erica; Erolcha; Maurice


Innate Abilities, Weirdness & Mutations

You cannot wear most types of armour.
You are very stealthy in the water. (Stealth+)
((You are amphibious.))
You can wear up to eight rings at the same time.
((You can use your tentacles to constrict eight enemies at once.))
((Your skin changes colour to match your surroundings (Stealth+).))
((Your rubbery body absorbs attacks. (AC +1, EV +1)))


Message History

Erica hits you but does no damage.
You smack Erica!
Erica is severely wounded.
Erica casts a spell at you. The orb of energy hits you!
The orb of energy explodes!
The mystic blast hits your water moccasin.
Your water moccasin dies!
The mystic blast hits your adder.
Your adder dies!
The mystic blast hits your adder.
Your adder dies!
The mystic blast hits your adder.
Your adder dies!
Your adder misses Erica. Erica hits you but does no damage.
You hit Erica.
Erica is severely wounded.
Your adder closely misses Erica.
Erica casts a spell at you. The orb of energy hits you!
You die...

....8# h...###).#### ##.#.
#.#### #.## #.... ..# ##(##
#.##. ### #...# ###.##. #...#
####...... # #...# #.......## #
.# #..[# #......... .##
#.#######@..#####......... #.#
...##...SS♣..............##
#.###..O......SS................
##..... ##....................##
...#.# ######...#######..)####
.....# #...# ####...... ##.#.#
#...# #......### #.##..
#...#####.##.#.# #.# ###
##...#........#.### ##.#
######..................


You could see Erica (invisible) and 4 friendly adders.

Vanquished Creatures
  Pikel (D:7)
  Prince Ribbit (D:7)
  2 hippogriffs
  A yak (D:9)
  A hungry ghost (D:8)
  2 water moccasins
  3 orc warriors
  A necrophage (D:5)
  2 sky beasts
  A black bear (D:8)
  3 ogres
  6 centaurs
  A crocodile (D:7)
  3 big kobolds
  6 bullfrogs
  A scorpion (D:9)
  5 killer bees
  5 howler monkeys
  2 bullfrog zombies
  3 crimson imps
  3 hounds
  A centaur zombie (D:9)
  3 jellies
  An orc priest (D:4)
  4 orc wizards
  Ijyb (D:3)
  A centaur skeleton (D:8)
  9 worker ants
  A hound skeleton (D:4)
  A howler monkey zombie (D:8)
  2 worker ant zombies
  8 gnolls
  6 adders
  An ooze (D:5)
  An adder zombie (D:5)
  4 worms
  A dart slug (D:2)
  7 leopard geckos
  22 orcs
  6 bats
  2 giant cockroaches
  7 goblins
  3 hobgoblins
  17 jackals
  3 quokkas
  2 ball pythons
  6 frilled lizards
  A jackal skeleton (D:4)
  16 kobolds
  A leopard gecko zombie (D:5)
  A quokka zombie (D:8)
  11 rats
203 creatures vanquished.

Vanquished Creatures (collateral kills)
  5 yaks (D:9)
  A water moccasin (D:6)
  An orc warrior (D:6)
  A killer bee (D:9)
  An orc priest (D:6)
  2 orc wizards
  A gnoll (D:5)
  An adder (D:3)
  3 orcs
  A giant cockroach (D:2)
  A hobgoblin (D:2)
  2 kobolds (D:7)
20 creatures vanquished.

Vanquished Creatures (others)
  An ooze (D:2)
1 creature vanquished.

Grand Total: 224 creatures vanquished

Notes
Turn   | Place    | Note
-------+----------+-------------------------------------------
     0 | D:1      | erker the Octopode Transmuter began the quest for the Orb.
     0 | D:1      | Reached XP level 1. HP: 13/13 MP: 3/3
   515 | D:2      | Reached XP level 2. HP: 14/18 MP: 5/5
   519 | D:2      | Learned a level 2 spell: Sticks to Snakes
   539 | D:2      | Found a radiant altar of Vehumet.
   857 | D:2      | Reached XP level 3. HP: 16/23 MP: 1/6
   967 | D:2      | Learned a level 3 spell: Spider Form
  1334 | D:2      | Found an opulent altar of Gozag.
  1334 | D:2      | Found a shattered altar of Ashenzari.
  1393 | D:2      | Noticed a moth of wrath
  1396 | D:2      | Found a bloodstained altar of Trog.
  1578 | D:3      | Reached skill level 1 in Poison Magic
  1578 | D:3      | Reached XP level 4. HP: 19/28 MP: 4/7
  1879 | D:3      | Noticed Ijyb
  1899 | D:3      | Killed Ijyb
  1899 | D:3      | Reached XP level 5. HP: 28/33 MP: 3/8
  2341 | D:4      | Reached skill level 5 in Transmutations
  2343 | D:4      | Reached XP level 6. HP: 37/38 MP: 1/9
  2464 | D:5      | Entered Level 5 of the Dungeon
  2496 | D:5      | Learned a level 4 spell: Ice Form
  2518 | D:5      | Reached skill level 1 in Ice Magic
  2706 | D:5      | Found a basalt altar of Yredelemnul.
  2710 | D:5      | Found a glowing golden altar of the Shining One.
  2712 | D:5      | Noticed an angel
  2875 | D:5      | Noticed a necrophage
  2888 | D:5      | Killed a necrophage
  2888 | D:5      | Reached XP level 7. HP: 43/43 MP: 3/11
  3313 | D:5      | Found a shadowy altar of Dithmenos.
  3881 | D:6      | Found a shadowy altar of Dithmenos.
  4046 | D:6      | Reached XP level 8. HP: 48/48 MP: 6/12
  4612 | D:6      | Reached skill level 5 in Unarmed Combat
  5241 | D:7      | Noticed Prince Ribbit
  5261 | D:7      | Killed Prince Ribbit
  5292 | D:7      | Reached XP level 9. HP: 43/54 MP: 13/15
  5383 | D:7      | Found a staircase to the Ecumenical Temple.
  5392 | Temple   | Entered the Ecumenical Temple
  5792 | D:5      | Noticed a profane servitor
  5984 | D:4      | Reached skill level 5 in Stealth
  6174 | D:7      | Found a snail-covered altar of Cheibriados.
  6183 | D:7      | Became a worshipper of Cheibriados the Contemplative
  6246 | D:7      | Found a glowing silver altar of Zin.
  6300 | D:7      | Noticed Pikel
  6316 | D:7      | Killed Pikel
  6828 | D:7      | Found Puema's Gadget Boutique.
  6862 | D:7      | You fall through a shaft for 2 floors!
  6862 | D:9      | Found Zin's Purification Station.
  6864 | D:9      | Found a glowing silver altar of Zin.
  6902 | D:9      | Noticed Erica
  7198 | D:8      | Reached skill level 5 in Ice Magic
  7237 | D:8      | Reached skill level 5 in Spellcasting
  7239 | D:8      | Found Xacuelauf's Book Boutique.
  7261 | D:8      | Found a stormy altar of Qazlal.
  7265 | D:8      | Found a blossoming altar of Fedhas.
  7388 | D:8      | Reached * piety under Cheibriados
  7412 | D:8      | Reached XP level 10. HP: 60/60 MP: 15/17
  7421 | D:8      | Got a translucent pewter amulet
  7422 | D:8      | Identified the amulet "Teol" {Gourm rF+ Stlth+} (You found
                  | it on level 8 of the Dungeon)
  7723 | D:8      | Found a hide-covered altar of Uskayaw.
  8024 | D:9      | Noticed Maurice
  8024 | D:9      | Noticed Erolcha
  8070 | D:9      | Reached ** piety under Cheibriados
  8330 | D:9      | Found a runed gate.
  8335 | D:9      | Noticed BryzzWind's ghost (novice DrTm)
  8341 | D:9      | Found a runed gate.
  8341 | D:9      | Found a runed gate.
  8348 | D:9      | Found a roughly hewn altar of Beogh.
  8599 | D:9      | Found a sparkling altar of Nemelex Xobeh.
  8876 | D:9      | Reached *** piety under Cheibriados
  8899 | D:9      | Killed from afar by Erica

Skill      XL: |  1  2  3  4  5  6  7  8  9 10 |
---------------+-------------------------------+-----
Transmutations | 3 4 5 6 7 8 |  8.1
Poison Magic   | 1 2 |  2.0
Ice Magic      | 1 2 4 5 6 |  6.5
Stealth        | 2 3 4 5 7 |  7.0
Spellcasting   | 3 4 5 |  5.5
Unarmed Combat | 4 5 7 8 |  8.3
Dodging        | 3 4 |  4.2
Fighting       | 2 |  2.3
Evocations     | |  0.1

Action                   |  1- 3 |  4- 6 |  7- 9 | 10-12 || total
-------------------------+-------+-------+-------+-------++-------
Melee: Unarmed           |    88 |   149 |   259 |   120 ||   616
       Constrict         |    19 |    25 |    16 |       ||    60
       Tentacles         |     8 |    15 |     8 |       ||    31
       Punch             |     1 |     3 |       |     1 ||     5
       Kick              |       |     5 |       |       ||     5
 Cast: Sticks to Snakes  |     4 |     9 |    18 |    13 ||    44
       Spider Form       |     2 |     9 |    11 |     1 ||    23
       Beastly Appendage |     2 |     3 |       |       ||     5
       Ice Form          |       |       |    18 |    12 ||    30
Evoke: Wand              |       |       |       |     2 ||     2
  Use: Scroll            |       |       |     2 |     2 ||     4
       Potion            |       |       |       |     1 ||     1
 Stab: Sleeping          |     7 |    11 |     9 |     4 ||    31
       Distracted        |       |       |     5 |       ||     5
  Eat: Chunk             |     2 |     6 |    17 |    23 ||    48
       Ration            |       |       |     1 |       ||     1
Armor: Skin              |     8 |    26 |    63 |    41 ||   138
Dodge: Dodged            |    68 |    91 |   133 |    63 ||   355
